Map: Jagannatha LE

Players

Reynor - Winner!

  • Race: Zerg Zerg

SKillous

  • Race: Protoss Protoss

Event: DreamHack SC2 Masters 2021 Winter

VOD

Have the link to the VOD?

Description

Time

  • Played on: Oct. 10, 2021, 12:49 p.m.
  • Length: 10:10

All games in this series

Show
View Real Time Build Order
Export as new Build Order

Reynor Zerg - Winner!

Build Orders: Hatch First 

Get SALT Encoding   

  12  0:00  Drone  
  13  0:13  Overlord  
  13  0:17  Drone  
  14  0:31  Drone x2  
  16  0:49  Hatchery  
  15  0:52  Drone  
  15  0:55  Drone  
  17  0:59  Drone  
  18  1:09  Extractor  
  17  1:15  Spawning Pool  
  17  1:18  Drone  
  17  1:21  Drone  
  18  1:29  Drone  
  19  1:39  Drone  
  20  1:51  Overlord  
  20  2:01  Queen x2  
  20  2:02  Zergling x4  
  26  2:13  Drone  
  26  2:14  Drone  
  28  2:24  Drone x2  
  30  2:32  Hatchery  
  30  2:36  Drone x2  
  31  2:41  Pneumatized Carapace  
  31  2:48  Queen  
  33  2:52  Overlord  
  33  2:55  Drone  
  33  2:57  Drone  
  35  3:00  Drone  
  36  3:10  Overlord  
  36  3:11  Drone x2  
  36  3:12  Drone  
  39  3:13  Drone  
  40  3:23  Overlord  
  40  3:24  Queen  
  40  3:26  Drone  
  43  3:27  Drone  
  43  3:32  Overlord  
  44  3:34  Metabolic Boost  
  44  3:42  Drone x2  
  44  3:44  Drone  
  44  3:45  Queen  
  44  3:48  Spore Crawler  
  48  3:50  Drone  
  48  3:52  Drone  
  48  3:55  Drone x2  
  52  3:57  Drone  
  52  4:01  Drone x2  
  55  4:05  Drone  
  55  4:06  Drone, Spore Crawler  
  55  4:09  Spore Crawler  
  55  4:11  Overlord  
  55  4:15  Queen  
  57  4:18  Overlord  
  57  4:21  Drone  
  58  4:30  Roach Warren  
  57  4:32  Spore Crawler  
  57  4:34  Drone x3  
  57  4:35  Drone x3  
  57  4:37  Overlord  
  63  4:38  Drone  
  63  4:40  Drone  
  63  4:43  Drone x2  
  67  4:47  Extractor  
  67  4:48  Lair, Extractor  
  67  4:50  Drone  
  67  4:52  Drone  
  67  4:53  Drone  
  67  4:54  Drone  
  67  4:55  Drone  
  67  4:58  Queen  
  72  5:00  Drone  
  72  5:01  Drone  
  72  5:02  Drone  
  72  5:04  Drone  
  72  5:05  Drone  
  77  5:09  Drone x2  
  77  5:11  Evolution Chamber, Overlord  
  77  5:13  Drone  
  79  5:17  Extractor  
  79  5:19  Overlord  
  78  5:28  Overlord  
  78  5:29  Overlord  
  78  5:31  Overlord  
  78  5:36  Hatchery, Queen  
  78  5:37  Drone, Zerg Melee Weapons Level 1  
  78  5:38  Drone x2  
  78  5:39  Extractor  
  78  5:41  Extractor  
  80  5:43  Drone x2  
  80  5:47  Queen  
  80  5:49  Drone x2  
  86  5:50  Overseer  
  86  5:51  Drone, Evolution Chamber  
  86  5:52  Drone  
  87  6:01  Drone x2  
  89  6:04  Queen  
  91  6:12  Zergling x22  
  91  6:15  Overlord  
  91  6:17  Infestation Pit  
  91  6:18  Zerg Ground Armor Level 1  
  101  6:20  Drone x2  
  101  6:21  Drone  
  101  6:23  Drone  
  101  6:25  Overlord  
  105  6:27  Drone  
  106  6:33  Drone  
  106  6:34  Drone x2  
  106  6:35  Drone  
  106  6:38  Overlord  
  110  6:42  Overseer  
  110  6:45  Overlord  
  110  6:47  Drone  
  111  6:53  Drone x4, Glial Reconstitution  
  117  7:00  Hive, Queen  
  117  7:02  Baneling Nest  
  117  7:06  Queen  
  117  7:08  Drone x4  
  121  7:11  Overlord  
  121  7:12  Queen  
  121  7:13  Drone  
  121  7:14  Spire  
  124  7:19  Roach x2  
  124  7:20  Overlord  
  129  7:23  Overlord  
  129  7:25  Spine Crawler  
  136  7:30  Roach x4  
  135  7:37  Zerg Melee Weapons Level 2  
  135  7:38  Overlord  
  135  7:43  Roach x6  
  135  7:44  Roach x2  
  151  7:46  Centrifugal Hooks  
  151  7:57  Baneling x10, Overlord  
  151  7:58  Baneling x3  
  151  7:59  Ravager x5  
  151  8:00  Hatchery  
  151  8:01  Roach x2  
  151  8:05  Overlord  
  159  8:13  Overlord  
  159  8:19  Roach x4  
  167  8:20  Overlord  
  167  8:24  Overlord  
  167  8:26  Adrenal Glands  
  167  8:33  Zergling x2, Extractor  
  167  8:34  Zergling x30  
  182  8:35  Overlord  
  182  8:43  Spore Crawler  
  182  8:44  Drone x3  
  182  8:46  Zergling x2  
  185  8:49  Zergling x10  
  185  8:53  Baneling x10  
  190  8:59  Zergling x14  
  190  9:01  Baneling x10  
  197  9:05  Overlord  
  197  9:09  Zergling x2  
  193  9:10  Zergling x4  
  189  9:17  Zergling x12  
  189  9:21  Ravager x7  
  189  9:23  Zergling x8  
  199  9:26  Overlord  
  191  9:32  Zergling x14  
  191  9:34  Queen  
  191  9:36  Zergling x6  
  183  9:45  Roach x5  
  177  9:46  Roach x3  
  177  9:50  Zergling x2, Roach  
  177  9:51  Roach  
  188  9:53  Baneling x6  
Show
View Real Time Build Order
Export as new Build Order

SKillous Protoss 

Build Orders: 1 Gate Expand, Oracle Opening, Zealot Archon 

Get SALT Encoding   

  12  0:00  Probe  
  13  0:12  Probe  
  14  0:20  Pylon  
  14  0:24  Probe  
  15  0:38  Probe (Chrono Boost)  
  15  0:40  Gateway  
  16  0:46  Probe (Chrono Boost)  
  16  0:47  Assimilator  
  17  0:52  Probe  
  18  1:04  Probe  
  19  1:17  Probe  
  20  1:24  Nexus  
  20  1:34  Cybernetics Core  
  20  1:38  Probe  
  21  1:45  Assimilator  
  21  1:50  Probe  
  21  1:53  Pylon  
  22  2:03  Probe  
  23  2:09  Adept (Chrono Boost)  
  23  2:15  Probe (Chrono Boost)  
  26  2:16  Stargate  
  26  2:25  Warp Gate  
  26  2:27  Probe (Chrono Boost)  
  27  2:31  Adept  
  31  2:38  Probe x2 (Chrono Boost)  
  31  2:45  Probe (Chrono Boost)  
  31  2:47  Probe (Chrono Boost)  
  31  2:51  Probe  
  33  2:52  Void Ray (Chrono Boost)  
  33  2:56  Probe  
  35  3:03  Probe  
  40  3:08  Probe, Pylon  
  41  3:15  Probe  
  41  3:19  Gateway  
  42  3:21  Probe  
  43  3:27  Oracle, Probe  
  43  3:33  Probe  
  48  3:39  Probe  
  49  3:45  Nexus  
  49  3:47  Probe (Chrono Boost)  
  50  3:50  Pylon  
  50  3:54  Probe (Chrono Boost)  
  51  3:58  Assimilator  
  51  4:01  Assimilator  
  52  4:06  Probe x2 (Chrono Boost)  
  53  4:10  Probe (Chrono Boost)  
  53  4:12  Probe  
  53  4:16  Shield Battery  
  55  4:20  Protoss Air Weapons Level 1  
  55  4:22  Stargate  
  56  4:24  Probe x2 (Chrono Boost)  
  56  4:28  Pylon  
  57  4:35  Probe (Chrono Boost)  
  57  4:37  Probe (Chrono Boost)  
  57  4:38  Pylon  
  59  4:40  Void Ray (Chrono Boost)  
  59  4:44  Pylon  
  60  4:47  Probe x2 (Chrono Boost)  
  60  4:50  Forge  
  65  4:59  Probe (Chrono Boost)  
  67  5:02  Robotics Facility, Probe (Chrono Boost)  
  67  5:04  Probe x2 (Chrono Boost)  
  69  5:09  Probe  
  69  5:10  Assimilator  
  69  5:11  Assimilator  
  69  5:13  Probe  
  72  5:14  Void Ray (Chrono Boost)  
  72  5:16  Void Ray (Chrono Boost)  
  80  5:23  Probe (Chrono Boost)  
  81  5:28  Probe (Chrono Boost)  
  81  5:29  Twilight Council, Probe (Chrono Boost)  
  81  5:33  Protoss Ground Weapons Level 1 (Chrono Boost)  
  83  5:40  Probe x2 (Chrono Boost)  
  83  5:41  Probe (Chrono Boost)  
  83  5:42  Pylon  
  85  5:44  Photon Cannon  
  85  5:45  Probe (Chrono Boost)  
  85  5:46  Probe  
  85  5:49  Observer, Probe, Void Ray  
  94  6:01  Gateway  
  94  6:02  Gateway  
  93  6:05  Charge, Pylon  
  93  6:12  Gateway  
  93  6:13  Gateway  
  93  6:15  Gateway  
  93  6:17  Gateway  
  93  6:24  Gateway  
  93  6:25  Gateway  
  93  6:30  Warp Prism  
  95  6:45  Nexus  
  95  6:46  Probe  
  96  6:47  Pylon  
  96  6:51  Templar Archives  
  96  6:54  Photon Cannon  
  96  6:58  Pylon  
  96  7:02  Probe x3  
  96  7:04  Warp Prism (Chrono Boost)  
  101  7:09  Pylon  
  101  7:10  Zealot x3  
  101  7:11  Zealot  
  109  7:28  Probe  
  110  7:32  High Templar x4  
  110  7:33  High Templar x4  
  110  7:35  Zealot x2  
  130  7:37  Shield Battery  
  130  7:39  Photon Cannon, Archon, Probe  
  130  7:40  Archon x3  
  130  7:41  Photon Cannon  
  131  7:45  Assimilator  
  131  7:47  Fleet Beacon  
  131  7:49  Assimilator, Stargate  
  131  7:53  Protoss Shields Level 1 (Chrono Boost)  
  131  7:54  Probe (Chrono Boost)  
  131  7:56  Probe (Chrono Boost)  
  135  8:00  Probe (Chrono Boost)  
  135  8:03  Probe (Chrono Boost)  
  135  8:05  Probe x2 (Chrono Boost)  
  137  8:09  Probe (Chrono Boost)  
  137  8:10  Probe (Chrono Boost)  
  139  8:26  Probe  
  130  8:27  Cybernetics Core, Probe  
  130  8:33  Photon Cannon  
  131  8:34  Zealot  
  131  8:35  Photon Cannon, Zealot x3  
  131  8:36  Shield Battery  
  131  8:38  Pylon  
  147  9:03  Photon Cannon  
  147  9:04  Photon Cannon  
  153  9:14  Tempest x2 (Chrono Boost)  
  136  9:17  Tempest (Chrono Boost)  
  136  9:19  Probe x3  
  136  9:20  Probe  
  128  9:30  Zealot x6  
  128  9:31  Zealot x4  
  117  9:42  Probe  

Tags
 
Add a new tag
Caveats
  • Supply blocks, unpowered buildings, or Contaminate may cause inaccurate times.
  • Supply counts are checked every 10 seconds.